 Dungeon Crawl Stone Soup version 0.31-a0-7-g51783674b7 (webtiles) character file.

Game seed: 15501200116194199489

28 ytrimaz the Covered (level 3, 29/29 HPs)
             Began as a Demonspawn Fighter on May 5, 2023.
             Quit the game on level 2 of the Dungeon.
             The game lasted 00:01:03 (879 turns).

ytrimaz the Covered (Demonspawn Fighter)             Turns: 879, Time: 00:01:04

Health: 29/29      AC:  7    Str: 18    XL:     3   Next: 0%
Magic:  3/3        EV: 14    Int:  9    God:
Gold:   90         SH:  4    Dex: 12    Spells: 2/2 levels left

rFire   + . .        a - +0 war axe
rCold   . . .        c - +0 buckler
rNeg    . . .        b - +0 scale mail
rPois   .            (no helmet)
rElec   .            q - +0 cloak
rCorr   .            (no gloves)
SInv    .            (no boots)
Will    .....        (no amulet) Stlth
                     i - ring of protection from fire
HPRegen 0.24/turn    o - +5 ring of evasion
MPRegen 0.08/turn

%: no passive effects
@: no status effects
A: foul stench 1, demonic magic 1
a: no special abilities


You were on level 2 of the Dungeon.
You visited 1 branch of the dungeon, and saw 2 of its levels.

You collected 90 gold pieces.


Innate Abilities, Weirdness & Mutations

You may rarely emit foul miasma when damaged in melee.
Spells you cast may paralyse adjacent enemies.


   Skills:
 - Level 3.0 Fighting
 + Level 2.3 Axes
 + Level 3.1 Armour
 + Level 3.1 Shields


You had 2 spell levels left.
You didn't know any spells.
Your spell library was empty.

Inventory:

Hand Weapons
 a - a +0 war axe (weapon)
Armour
 b - a +0 scale mail (worn)
 c - a +0 buckler (worn)
 q - a +0 cloak (worn)
   (You found it on level 1 of the Dungeon)
Jewellery
 g - a ring of wizardry
   (You found it on level 1 of the Dungeon)
 i - a ring of protection from fire (left hand)
   (You found it on level 1 of the Dungeon)
 o - a +5 ring of evasion (right hand)
   (You found it on level 1 of the Dungeon)
Scrolls
 e - a scroll of fear {unknown}
 f - 2 scrolls of identify {unknown}
 h - 2 scrolls of magic mapping {unknown}
 j - a scroll of teleportation {unknown}
 k - a scroll of enchant armour {unknown}
 l - a scroll of poison {unknown}
 n - a scroll of fog {unknown}
Potions
 d - a potion of might
 m - a potion of curing {unknown}
 p - a potion of magic {unknown}

Dungeon Overview and Level Annotations

Branches:
Dungeon (2/15) Zot: 11100

Altars:

.### ####.. ... ..##.#
##### .. #.##.## ....#
#.##.#... #....
##..#.#..### #.#.#
#...#.#..#.#####...#
#.....#..#<.......)#
#.†@.....#####.....#
#...#.#............#
......##.#..#####.###.#
#####. #.#............#
#. #!##....######## #.
..####>.......[ ## ###
##########


There were no monsters in sight!


Message History

A giant cockroach is nearby!
An endoplasm comes into view.
The endoplasm quivers.
The giant cockroach bites you but does no damage.
You hit the giant cockroach. The giant cockroach barely misses you.
The endoplasm falls through a shaft!
The shaft crumbles and collapses.
The giant cockroach bites you but does no damage.
Unknown command.
You hit the giant cockroach.
You kill the giant cockroach!
A kobold comes into view. It is wielding a +0 club.
The kobold shouts!
The kobold throws a stone.
The stone hits you.
You see here a giant cockroach corpse. 😕 HP[-2]
You take 2 damage, and now have 22/24 hp. 😕 HP[+1]
A kobold is nearby!
You closely miss the kobold. You block the kobold's attack.
The kobold hits you with a +0 club.
Unknown command. 😕 HP[-1]
You take 1 damage, and now have 22/24 hp.
You hit the kobold but do no damage. The kobold completely misses you.
You slash the kobold!
You kill the kobold!
Your Shields skill increases to level 3! 😕 HP[+1]
Things that are here:
a +0 club; a stone; a kobold corpse No target in view!
You now have 90 gold pieces (gained 8).
Things that are here:
a +0 club; a stone; a kobold corpse Key pressed, stopping explore.
Key pressed, stopping explore.
Key pressed, stopping explore.
Key pressed, stopping explore.
Done exploring. 😎 HP[+1]
Your hp is fully restored (24).
Done exploring.
Done exploring.
Done exploring.
Search for what [? for help]? cloak You see here 7 stones.
You see here a +0 cloak.
q - a +0 cloak You start putting on your armour.
You continue putting on your +0 cloak. x4
You finish putting on your +0 cloak.
o - a +5 ring of evasion (right hand) Done exploring.
Done exploring.
There is a stone staircase leading down here.
You climb downwards.
There is a stone staircase leading up here.
Unknown command.
An adder comes into view.
The adder hisses angrily.
An adder is nearby!
An adder is nearby!
You block the adder's attack. The adder bites you but does no damage.
You miss the adder. The adder bites you.
The adder bites you but does no damage. 😕 HP[-2]
You take 2 damage, and now have 22/24 hp.
You closely miss the adder. The adder closely misses you.
You barely miss the adder. The adder barely misses you.
The adder closely misses you.
Unknown command.
You barely miss the adder.
The adder barely misses you. x2 😕 HP[+1]
You slash the adder!
You kill the adder!
No target in view!
Unknown command.
Found a stone staircase leading down. 😎 HP[+1]
Your hp is fully restored (24).
A hobgoblin comes into view.
The hobgoblin shouts!
A bat comes into view.
There are monsters nearby!
There are monsters nearby!
You slash the bat!
You kill the bat!
The hobgoblin completely misses you.
You closely miss the hobgoblin. You block the hobgoblin's attack.
Unknown command.
You hit the hobgoblin.
You kill the hobgoblin!
You have reached level 3!
Your experience leads to an increase in your attributes!
Increase (S)trength, (I)ntelligence, or (D)exterity?
You feel stronger. x2; Your demonic ancestry asserts itself...
A menacing aura infuses your magic. 😎 HP[+5] MP[+1]
You now have 29 max hp (+5).
Your hp is fully restored (29).
Your mp is fully restored (3).
Are you sure you want to abandon this character and quit the game? (Confirm with "yes".)

Skill      XL: |  1  2 |
---------------+-------+-----
Axes           | 2 |  2.3
Armour         | 3 |  3.1
Shields        | 3 |  3.1
Fighting       | |  3.0

Action                     || total
---------------------------++-------
  Melee: War axe           ||    47
 Armour: Scale mail        ||    24
  Dodge: Dodged            ||    23
  Block: Buckler           ||    13

Levels and vault maps discovered:
D:1:      mainiacjoe_arrival_reflecting_pool, layout_loops_ring,
          shapermc_ecumenical_altar_acropolis
D:2:      layout_basic

Notes
Turn   | Place    | Note
-------+----------+-------------------------------------------
     0 | D:1      | ytrimaz the Demonspawn Fighter began the quest for the Orb.
     0 | D:1      | Reached XP level 1. HP: 18/18 MP: 1/1
     0 | D:1      | magus.rc [v1.9.6]
   189 | D:1      | Reached skill level 2 in Axes
   276 | D:1      | Gained mutation: You may rarely emit foul miasma when
                  | damaged in melee. [demonic ancestry]
   276 | D:1      | Reached XP level 2. HP: 24/24 MP: 2/2
   313 | D:1      | Found a faded altar of an unknown god.
   597 | D:1      | Reached skill level 3 in Armour
   611 | D:1      | Reached skill level 3 in Shields
   879 | D:2      | Gained mutation: Spells you cast may paralyse adjacent
                  | enemies. [demonic ancestry]
   879 | D:2      | Reached XP level 3. HP: 29/29 MP: 3/3
   879 | D:2      | Quit the game

Vanquished Creatures
  An adder (D:2)
  2 endoplasms (D:1)
  A giant cockroach (D:1)
  A goblin (D:1)
  3 hobgoblins
  A ball python (D:1)
  3 bats
  4 frilled lizards (D:1)
  2 kobolds (D:1)
  2 rats (D:1)
20 creatures vanquished.

Vanquished Creatures (others)
  A fungus (D:1)
  2 plants (D:1)
3 creatures vanquished.

Grand Total: 23 creatures vanquished

Table legend:
 A = Non-vault XP
 B = Vault XP
 C = Vault XP percentage of total XP
 D = Non-vault monster count
 E = Vault monster count
 F = Vault count percentage of total count
                 A         B        C        D         E       F
            +---------+---------+-------+---------+---------+-------
      Total |      41 |       0 |   0.0 |      20 |       0 |   0.0
            +---------+---------+-------+---------+---------+-------
        D:1 |      24 |       0 |   0.0 |      17 |       0 |   0.0
        D:2 |      17 |       0 |   0.0 |       3 |       0 |   0.0
            +---------+---------+-------+---------+---------+-------

Skill      XL: |  1  2 |
---------------+-------+-----
Axes           | 2 |  2.3
Armour         | 3 |  3.1
Shields        | 3 |  3.1
Fighting       | |  3.0

Action                     || total
---------------------------++-------
  Melee: War axe           ||    47
 Armour: Scale mail        ||    24
  Dodge: Dodged            ||    23
  Block: Buckler           ||    13

Illustrated notes

Table legend:
 A = Kills in this place as a percentage of kills in the entire game.
 B = Kills by you in this place as a percentage of kills by you in the entire game.
 C = Kills by friends in this place as a percentage of kills by friends in the entire game.
 D = Other kills in this place as a percentage of other kills in the entire game.
 E = Experience gained in this place as a percentage of experience gained in the entire game.
 F = Experience gained in this place divided by the number of levels of this place that you have seen.
                   A       B       C       D       E      F
               +-------+-------+-------+-------+-------+----------------------
         Total | 100.0 | 100.0 |   N/A |   N/A | 100.0 |  20.5
       Dungeon | 100.0 | 100.0 |   N/A |   N/A | 100.0 |  20.5
               +-------+-------+-------+-------+-------+----------------------

Table legend: (Time is in decaauts)
 A = Elapsed time spent in this place.
 B = Non-inter-level travel time spent in this place.
 C = Inter-level travel time spent in this place.
 D = Time resting spent in this place.
 E = Time spent auto-exploring this place.
 F = Levels seen in this place.
 G = Mean time per level.
                   A        B        C        D        E       F      G
               +--------+--------+--------+--------+--------+-----+--------+
         Total |    899 |    821 |     78 |      0 |    652 |   2 |  449.5 |
       Dungeon |    899 |    821 |     78 |      0 |    652 |   2 |  449.5 |
               +--------+--------+--------+--------+--------+-----+--------+

Top non-repeatable levels by time:
     D:1: 863 daAuts
     D:2: 36 daAuts
